 Dungeon Crawl Stone Soup version 0.17-a0-1564-g7b572aa (webtiles) character file.

28742 urechis the Brawler (level 13, 0/184 HPs)
             Began as a Troll Monk on July 21, 2015.
             Slain by a slime creature (12 damage)
             ... on level 3 of the Pits of Slime.
             The game lasted 00:29:58 (8619 turns).

urechis the Brawler (Troll Monk)                    Turns: 8619, Time: 00:29:59

Health: 0/184      AC: 18    Str: 28    XL:     13   Next: 11%
Magic:  10/12      EV:  1    Int:  6    God:
Gold:   631        SH:  0    Dex: 12    Spells: 0 memorised, 12 levels left

rFire  . . .     SeeInvis .       - Unarmed
rCold  . . .     Clarity  .     (armour currently unavailable)
rNeg   + + +     SustAt   .     (no shield)
rPois  +         Gourm    +     (helmet currently unavailable)
rElec  .         Spirit   .     (cloak currently unavailable)
rCorr  .         Warding  .     (gloves unavailable)
rMut   .         NoTele   +     (boots unavailable)
MR     .....                    d - amulet of regeneration
Stlth  +++.......               D - ring of stealth
                                k - +5 ring of slaying

@: tree-form, corroded equipment, not resistant to hostile enchantments, fairly
stealthy
A: unfitting armour, (claws 0), fast metabolism 3, frail 1, gourmand,
regeneration 2, (shaggy fur 0), strong 1, (tough skin 0)
a: no special abilities


You were on level 3 of the Pits of Slime.
You were full.
You were a tree.
You visited 4 branches of the dungeon, and saw 22 of its levels.

You collected 631 gold pieces.

Inventory:

Hand weapons
 a - a +1 blowgun
Missiles
 g - 2 steel javelins (quivered)
 j - 14 tomahawks
 t - 49 poisoned needles
 u - 2 throwing nets
Armour
 c - a +0 cloak of invisibility (melded)
 O - a troll hide (melded)
Jewellery
 d - an amulet of regeneration (around neck)
 k - a +5 ring of slaying (left branch)
 r - an uncursed ring of protection from fire
 D - a ring of stealth (right branch)
 L - an uncursed ring of see invisible
Magical devices
 l - a wand of enslavement (7)
 x - a wand of fire (5)
 C - a wand of paralysis (12)
 J - a wand of fireball (8)
 K - a wand of lightning (15)
 M - a wand of flame (23)
Scrolls
 e - 2 scrolls of blinking
 f - 5 scrolls of teleportation
 h - 3 scrolls of fear
 m - 2 scrolls of magic mapping
 o - 5 scrolls of remove curse
 y - a scroll of recharging
 H - a scroll of vulnerability {unknown}
 N - 7 scrolls of identify
Potions
 i - a potion of lignification
 q - a potion of cure mutation
 w - 6 potions of curing
 z - a potion of heal wounds
 A - a potion of degeneration {unknown}
 E - 2 potions of berserk rage {unknown}
 F - 2 potions of brilliance
 I - a potion of flight
 P - 2 potions of agility {unknown}
 R - a potion of haste
Books
 s - a book of Alchemy

   Spells                             Type                      Level
   a - Sublimation of Blood           Necromancy                   2
   b - Ignite Poison                  Fire/Transmutation/Poison    3
   c - Alistair's Intoxication        Transmutation/Poison         4
   d - Condensation Shield            Ice                          4
   e - Petrify                        Transmutation/Earth          4
   f - Irradiate                      Conjuration/Transmutation    5
 B - a book of Hinderance

   Spells                             Type                      Level
   a - Confusing Touch                Hexes                        2
   b - Confuse                        Hexes                        3
   c - Gell's Gravitas                Hexes/Translocation          3
   d - Petrify                        Transmutation/Earth          4
   e - Metabolic Englaciation         Hexes/Ice                    5
Comestibles
 b - 6 bread rations
 n - a beef jerky
 p - 3 slices of pizza
 v - 5 meat rations
 G - 11 fruits


   Skills:
 + Level 11.5 Fighting
 + Level 3.0 Armour
 - Level 2.4 Dodging
 - Level 1.1 Stealth
 + Level 16.6 Unarmed Combat


You had 12 spell levels left.
You didn't know any spells.

Dungeon Overview and Level Annotations

Branches:
Dungeon (10/15)            Temple (1/1) D:5            Lair (8/8) D:10
 Shoals (0/4) Lair:4        Slime (3/6) Lair:8
  Snake: Lair:3-6    Spider: Lair:3-6       Orc: D:9-12

Altars:
Ashenzari
Cheibriados
Dithmenos
Elyvilon
Fedhas
Gozag
Kikubaaqudgha
Makhleb
Nemelex Xobeh
Okawaru
Qazlal
Ru
Sif Muna
Trog
Vehumet
Xom
Yredelemnul
Zin
The Shining One

Shops:
D:8 (

Annotations:
Lair:1 exclusion: hydra
Lair:3 exclusion: hydra
Lair:5 exclusion: oklob plant
Lair:6 exclusion: oklob plant


Innate Abilities, Weirdness & Mutations

You are too large for most types of armour.
((You have claws for hands.))
Your metabolism is lightning-fast.
You like to eat raw meat.
You heal very quickly.
((You are covered in fur (AC +1).))
((You have very tough skin (AC +2).))
You are frail (-10% HP).
Your muscles are strong. (Str +2)


Message History

Read which item? (? for menu, Esc to quit)
You cannot teleport because you are held in place by your roots.
You pummel the slime creature!! You punch the slime creature!
The slime creature is severely wounded.
The shining eye gazes at you.
Strange energies course through your body.
You feel frail. The slime creature hits you.
* * * LOW HITPOINT WARNING * * *
Read which item? (? for menu, Esc to quit)
You cannot teleport because you are held in place by your roots.
There are monsters nearby!
You smack the slime creature!
The slime creature is almost dead.
The slime creature hits you!
* * * LOW HITPOINT WARNING * * *
The slime creature hits you!
* * * LOW HITPOINT WARNING * * *
The slime creature hits you!
You die...

#....#....>...
#............ .
##....J..... ..
##..........## .#
##.#..........#.##
#........##.......
#........JJJ.#
#.......J♣..#
##.#............#
##....#G#....##
#....#...#.###
##....#.####
##.....##
#.......#
#..G.#.## .
#...^###


You could see 4 slime creatures and a shining eye.

Vanquished Creatures
  An acid blob (Slime:3)
  Harold (Lair:1)
  The ghost of patman the Basher, an experienced HuWn of Ashenzari (D:9)
  An unseen horror (D:10)
  Pikel (D:8)
  3 oklob plants (Lair:8)
  A black mamba (Lair:5)
  5 elephants (Lair:5)
  A spiny frog (Lair:3)
  2 fire drakes
  3 komodo dragons
  A troll (D:9)
  3 blink frogs (Lair:3)
  3 slime creatures
  A deep elf mage (D:9)
  2 wyverns
  26 yaks
  A hungry ghost (D:7)
  4 hippogriffs
  A basilisk (Lair:5)
  3 wolves (Lair:2)
  2 water moccasins
  A warg (D:10)
  6 porcupines
  An ice beast (D:9)
  A slave (D:8)
  2 ogres
  2 orc warriors
  A phantom (D:5)
  3 sky beasts
  A black bear (D:7)
  11 crocodiles
  A centaur (D:6)
  9 big kobolds (D:8)
  4 giant frogs
  7 scorpions
  3 wights (D:8)
  An electric eel (Lair:4)
  2 giant frog zombies
  4 crimson imps
  4 orc priests
  5 jellies
  2 centaur skeletons
  4 giant frog skeletons
  5 orc wizards
  9 worker ants
  3 hell rats (Lair:4)
  4 hounds
  13 sheep
  5 iguanas
  A killer bee zombie (D:5)
  A worker ant zombie (D:6)
  8 gnolls
  A shadow imp (D:9)
  13 river rats
  5 adders
  10 oozes (Lair:6)
  2 adder zombies
  3 worms
  6 giant geckos
  17 orcs
  4 ball pythons
  A giant cockroach (D:7)
  14 hobgoblins
  17 jackals
  9 quokkas
  18 bats
  A giant cockroach zombie (D:6)
  A giant gecko skeleton (D:6)
  A giant gecko zombie (D:3)
  6 giant newts
  11 goblins
  23 kobolds
  13 rats
  2 fungi (Lair:6)
369 creatures vanquished.

Vanquished Creatures (others)
  A bat (D:5)
  4 fungi
  A plant (Lair:5)
6 creatures vanquished.

Grand Total: 375 creatures vanquished

Notes
Turn   | Place    | Note
--------------------------------------------------------------
     0 | D:1      | urechis the Troll Monk began the quest for the Orb.
     0 | D:1      | Reached XP level 1. HP: 22/22 MP: 0/0
   202 | D:1      | Reached XP level 2. HP: 29/29 MP: 1/1
   651 | D:1      | Reached skill level 5 in Unarmed Combat
   651 | D:1      | Reached XP level 3. HP: 36/36 MP: 2/2
  1071 | D:2      | Found a blossoming altar of Fedhas.
  1103 | D:2      | Reached XP level 4. HP: 35/44 MP: 3/3
  1346 | D:2      | Reached skill level 6 in Unarmed Combat
  1533 | D:3      | Found an iron altar of Okawaru.
  1652 | D:3      | Found a sparkling altar of Nemelex Xobeh.
  2017 | D:4      | Reached XP level 5. HP: 47/50 MP: 4/4
  2148 | D:4      | Noticed a sky beast
  2153 | D:4      | Killed a sky beast
  2153 | D:4      | Reached skill level 7 in Unarmed Combat
  2153 | D:4      | Reached XP level 6. HP: 59/59 MP: 5/5
  2649 | D:5      | Entered Level 5 of the Dungeon
  2688 | D:5      | Found a staircase to the Ecumenical Temple.
  2748 | D:5      | Found a shimmering altar of Xom.
  2834 | Temple   | Entered the Ecumenical Temple
  2933 | D:5      | Found an ancient bone altar of Kikubaaqudgha.
  2960 | D:5      | Reached skill level 8 in Unarmed Combat
  2960 | D:5      | Reached XP level 7. HP: 67/67 MP: 6/6
  3268 | D:5      | Found a deep blue altar of Sif Muna.
  3571 | D:6      | Found a burning altar of Makhleb.
  3623 | D:6      | Reached skill level 9 in Unarmed Combat
  3623 | D:6      | Reached XP level 8. HP: 42/79 MP: 7/7
  3798 | D:6      | Reached skill level 5 in Fighting
  3955 | D:6      | Found a shattered altar of Ashenzari.
  4483 | D:7      | Found an ancient bone altar of Kikubaaqudgha.
  4629 | D:7      | Reached skill level 10 in Unarmed Combat
  4799 | D:7      | Reached XP level 9. HP: 87/91 MP: 8/8
  5340 | D:8      | Found Rasalon's Antique Weapon Boutique.
  5397 | D:8      | Noticed Pikel
  5407 | D:8      | Killed Pikel
  5407 | D:8      | Reached skill level 11 in Unarmed Combat
  5946 | D:9      | Reached XP level 10. HP: 95/104 MP: 9/9
  5985 | D:9      | Reached skill level 12 in Unarmed Combat
  6264 | D:9      | Identified a scroll of acquirement
  6316 | D:9      | Noticed patman's ghost (experienced HuWn)
  6328 | D:9      | Killed patman's ghost
  6575 | D:10     | Entered Level 10 of the Dungeon
  6595 | D:10     | Killed an unseen horror
  6595 | D:10     | Reached skill level 13 in Unarmed Combat
  6721 | D:10     | Found a staircase to the Lair.
  6752 | D:10     | Gained mutation: Your muscles are strong. (Str +2) [potion of beneficial mutation]
  6753 | D:10     | Reached skill level 15 in Unarmed Combat
  6753 | D:10     | Reached XP level 11. HP: 117/117 MP: 10/10
  6792 | Lair:1   | Entered Level 1 of the Lair of Beasts
  6825 | Lair:1   | Noticed a six-headed hydra
  6915 | Lair:1   | Reached XP level 12. HP: 126/126 MP: 11/11
  6939 | Lair:1   | Noticed Harold
  6945 | Lair:1   | Killed Harold
  6999 | Lair:1   | Reached skill level 10 in Fighting
  7426 | Lair:3   | Noticed a four-headed hydra
  7562 | Lair:4   | Found a staircase to the Shoals.
  7895 | Lair:5   | Reached skill level 16 in Unarmed Combat
  8212 | Lair:6   | Reached skill level 1 in Armour
  8358 | Lair:8   | Entered Level 8 of the Lair of Beasts
  8458 | Lair:8   | Found a staircase to the Slime Pits.
  8492 | Lair:8   | Reached XP level 13. HP: 35/137 MP: 12/12
  8565 | Slime:1  | Entered Level 1 of the Pits of Slime
  8603 | Slime:3  | Noticed an acid blob
  8613 | Slime:3  | Killed an acid blob
  8618 | Slime:3  | Gained mutation: You are frail (-10% HP). [a shining eye]
  8619 | Slime:3  | Slain by a slime creature

Vault maps used:
D:1:      mrwooster_arrival_statue
D:2:      lemuel_crystal_altar, minmay_misc_feat_columns
D:3:      okawaru_gym_becter, first_bread, grunt_decor_one_mirror,
          nemelex_diamond_rough_becter
D:5:      old_standard_altar, lemuel_doored_altar, lemuel_blue_sif_altar,
          lemuel_temple_firewalk
D:6:      nicolae_overflow_crystal_walls, nicolae_ashenzari_panopticon
D:7:      basic_altar
D:8:      special_room, serial_shops, nicolae_shop_behind_doors, uniq_pikel
D:10:     hangedman_cross_stitches, erik_lair_orcish_takeover, orc_0_dummy,
          serial_shops, kennysheep_mini, hangedman_little_slice_of_home,
          uniq_snorg, uniq_maurice
Temple:   nicolae_temple_god_jail
Lair:1:   st_stairs_13, serial_bayou_shore_b, uniq_harold
Lair:2:   minivault_27, minivault_26
Lair:3:   serial_bayou_pond_e, nicolae_quartered_pool_little
Lair:4:   elwin_shoals_entry_rocks, serial_bayou_shore_a, lemuel_fruit_tree,
          uniq_maud
Lair:5:   spider_nest_entry_funnel_web
Lair:6:   lemuel_slime, minmay_lair_oklob_bushes
Lair:7:   infiniplex_staircase_pool
Lair:8:   guppyfry_lair_end_dragon, minmay_slime_entry_oklob_enclosed,
          serial_bayou_shore_b
Slime:1:  cheibrodos_slime_lost_civilization_7
Slime:2:  uniq_dissolution

Action                   |  1- 3 |  4- 6 |  7- 9 | 10-12 | 13-15 || total
-------------------------+-------+-------+-------+-------+-------++-------
Melee: Unarmed           |    80 |   131 |   303 |   346 |    12 ||   872
  Use: Scroll            |       |       |     7 |    10 |       ||    17
       Potion            |       |       |       |    11 |     2 ||    13
 Stab: Sleeping          |     1 |     1 |     3 |     9 |       ||    14
       Distracted        |       |       |       |     1 |       ||     1
  Eat: Chunk             |    13 |    18 |    30 |    25 |       ||    86
